[Event "Reykjavik Open 2024"]
[Site "Reykjavik"]
[Date "2024.03.17"]
[Round "4.17"]
[White "Hopman, Pieter"]
[Black "Kjartansson, Gudmundur"]
[Result "0-1"]
[ECO "B51"]
[WhiteElo "2297"]
[BlackElo "2465"]
[Annotator "TA"]
[PlyCount "68"]
[EventDate "2024.03.12"]
[EventCountry "ISL"]
[SourceTitle "playchess.com"]
[Source "ChessBase"]
[SourceQuality "1"]
[TimeControl "40/5400+30:1800+30"]

1. e4 c5 2. Nf3 d6 3. Bb5+ Nd7 4. Ba4 Ngf6 5. O-O a6 6. c4 Nxe4 7. Re1 Nef6 8. d4 {[%emt 0:00:56] White is slightly better.} cxd4 9. Nxd4 {[%emt 0:10:55] Threatens to win with Bg5.} g6 {[%emt 0:00:55] [#]} (9... e5 $14) 10. Bf4 $1 $16 {[%emt 0:03:53][%cal Ob1c3][%mdl 1024] White has strong compensation.} e5 11. Nc2 (11. Nc3 $16) 11... h6 {[%emt 0:04:09] Wards off Bg5} 12. Nc3 {[%emt 0:01:20][%cal Oc4c5] Strongly threatening c5!} Be7 13. Ne3 Kf8 (13... exf4 $6 14. Ned5 Nxd5 15. Nxd5 $16) (13... b5 $15 14. cxb5 exf4 (14... axb5 15. Bxb5 Nh5 16. Bg3 $16)) 14. Ned5 $11 Nc5 15. Be3 Nxa4 16. Qxa4 Nxd5 17. Nxd5 {[%emt 0:00:15] Hoping for Bb6.} Be6 $1 18. Rad1 Bxd5 19. Rxd5 {[%emt 0:00:16] Threatening c5.} Qc7 20. f4 Qc6 21. Qb4 Re8 22. Qc3 Bf6 23. Red1 Re6 24. Qb4 Kg7 25. b3 Rhe8 26. a4 (26. Rxd6 Qe4 27. Qc3 exf4 28. Rxe6 Bxc3 $11 (28... Rxe6 29. Bd4 $17)) (26. h3 $142) 26... exf4 $17 27. Bxf4 Be5 (27... Re2 $17 {aiming for ...Qc8.} 28. h3 Rb2 29. Qxd6 Qxd6 (29... Rxb3 $2 30. Qxc6 bxc6 31. Rd6 $19) 30. Rxd6 g5 (30... Rxb3 31. Bxh6+ Kxh6 32. Rxf6 $17)) 28. Bg3 Bxg3 29. hxg3 Re3 30. Rxd6 Qe4 {[%emt 0:00:52][%cal Oe3e2] And now ...Re2! would win.} 31. R6d4 Qc2 {[%emt 0:02:58] Black is more active.} 32. Qxb7 $2 {[%emt 0:04:17][%mdl 8192] [#]} (32. Rf1 $17 R8e7 (32... Qxb3 33. Rd7 $11) (32... Rxg3 33. Qxb7 $11) (32... Rxb3 33. Qd6 $16) 33. Qb6 Rxg3 (33... Qxb3 34. Qf6+ Kh7 35. Rd8 Re8 36. Qxf7+ Kh8 37. Rxe8+ Rxe8 38. Qxe8+ Kh7 39. Rf7#) 34. Qf6+ Kh7 35. Rf2 Qc1+ (35... Qxb3 36. Qxe7) 36. Kh2) 32... Re1+ $1 {[%emt 0:00:32] Black mates.} (32... Qxb3 33. Qxb3 Rxb3 34. Rf4 $17) 33. Rxe1 Rxe1+ 34. Kh2 Qc1 {[%emt 0:00:36] Weighted Error Value: White=0.41/Black=0.09 (flawless) .  Loses game:     	White=1     	---        Mistake:       	White=2     	Black=3      Inaccurate:     	White=5     	---        OK:         	White=8     	Black=13     Best:        	White=1     	Black=2      Strong:       	White=1     	Black=2} 0-1

[Event "Reykjavik Open 2024"]
[Site "Reykjavik"]
[Date "2024.03.17"]
[Round "4.18"]
[White "Stefansson, Vignir Vatnar"]
[Black "Cieslak, Patryk"]
[Result "1-0"]
[ECO "E04"]
[WhiteElo "2464"]
[BlackElo "2325"]
[Annotator "TA"]
[PlyCount "127"]
[EventDate "2024.03.12"]
[EventCountry "ISL"]
[SourceTitle "playchess.com"]
[Source "ChessBase"]
[SourceQuality "1"]
[TimeControl "40/5400+30:1800+30"]

1. d4 d5 2. c4 e6 3. Nf3 Nf6 4. g3 dxc4 5. Bg2 a6 6. O-O Nc6 7. Qc2 Nxd4 8. Nxd4 Qxd4 9. Rd1 {[%emt 0:00:07] Die Stellung ist ausgeglichen.} Qc5 (9... Qa7 {vereinfacht} 10. Be3 Bc5 11. Bxc5 Qxc5 12. Nd2 O-O) 10. Nd2 Be7 11. Nxc4 Ng4 12. Qa4+ b5 13. Nd6+ Qxd6 $1 (13... Bxd6 $2 14. Qxg4 O-O 15. Bxa8 $18) 14. Qc2 (14. Qxg4 $2 Qxd1+ 15. Bf1 Bb7 $19) 14... Qc5 15. Bc6+ {[%emt 0:01:17] [#]} Bd7 $1 16. Qxc5 (16. Bxd7+ Kf8) 16... Bxc5 17. Rxd7 Ne5 (17... Bxf2+ $15 18. Kg2 Ne5) 18. Rd5+ $11 (18. Bxa8 Kxd7 (18... Nxd7 19. Bb7 $15) 19. Be4 Rb8 $17) 18... Nxc6 19. Rxc5 Ne7 (19... Nd4 $5) 20. Rxc7 Nd5 21. Rc5 O-O 22. Bd2 Nb6 23. Ba5 Nc4 24. Bc3 Rfc8 25. Rxc8+ Rxc8 {[%emt 0:00:01][%mdl 4096] Endspiel. KRB-KRN} 26. Rd1 h6 27. Rd7 Rc6 28. f4 Nd6 29. Kg2 Ne4 30. Bd4 Rd6 31. Rxd6 Nxd6 {[%emt 0:00:01] KB-KN} 32. Kf3 f6 33. Bc5 Nc4 34. b3 Na5 35. Ke4 g6 36. g4 Nc6 37. f5 Kf7 38. h3 h5 39. fxe6+ Kxe6 40. gxh5 gxh5 41. Ba3 f5+ (41... a5 $11 {hält das Gleichgewicht.}) 42. Kf4 $16 Nd4 43. e3 Ne2+ 44. Kg5 Nc3 $2 {[%emt 0:06:14] Verliert die Partie.} (44... Ng1 $16 {ist wohl besser.}) 45. Kxh5 $18 Nxa2 46. Kg6 Nc3 47. h4 {[%emt 0:00:00] Und jetzt h5 wäre schön.} Nd5 $2 {[%emt 0:00:13] [#]} (47... Ne2 48. Kg5 Ng3) 48. h5 $1 {[%emt 0:00:00] Droht h6 und aus.} Nxe3 49. h6 Ng4 50. h7 Ne5+ 51. Kg7 Nf7 52. b4 {[%emt 0:00:00] Droht Matt per Bc1.} (52. h8=R $2 Nxh8 53. Kh6 Nf7+ 54. Kh5 Ne5 $19) 52... f4 53. Bc1 {[%emt 0:00:00] Weiß setzt Matt.} (53. h8=R Nxh8 54. Bc1 f3 55. Be3 Nf7 56. Ba7 Ne5 57. Kh7 Nd3 58. Kh6 f2 (58... Nxb4 $2 59. Kg5 $19) 59. Bxf2 Nxf2 60. Kh5 Nd3 61. Kg5 Nxb4 62. Kf4 Kd5 63. Ke3 a5 64. Ke2 a4 65. Kd2 Kd4 66. Ke2 a3 67. Kf3 a2 68. Kg4 Nd3 (68... a1=B 69. Kf5 Nd3 70. Kg5 b4 71. Kf5 b3 72. Kg4 b2 73. Kh4 b1=Q 74. Kh5 Ne5 75. Kh4 Qg1 76. Kh3 Kc4 77. Kh4 Qg4#) 69. Kg5 a1=Q (69... a1=B 70. Kh4 b4 71. Kh3 b3 72. Kh4 b2 73. Kh5 Nf4+ 74. Kg5 Ke5 75. Kh4 b1=Q 76. Kg3 Qg6+ 77. Kh4 Nh5 78. Kh3 Qg3#) 70. Kf6 Qg1 71. Ke6 Ne5 72. Kd6 Qg7 (72... Qg6+ 73. Kc7 Qc6+ 74. Kb8 Nd7+ 75. Ka7 Qc7+ 76. Ka8 Qb8#) 73. Ke6 Qf7+ 74. Kd6 Qd7#) 53... f3 54. Be3 (54. h8=R Nxh8 55. Be3 Nf7 56. Bg1 Ne5 57. Kh6 Nd3 (57... Ng4+ 58. Kh5 f2 59. Bxf2 Nxf2 60. Kh4 Nd3 61. Kg5 Ke5 62. Kg4 Nxb4 63. Kf3 Nd5 64. Kf2 Kd4 65. Kg2 b4 66. Kh3 b3 67. Kh2 b2 68. Kg3 b1=Q 69. Kg4 Qg6+ 70. Kf3 Ne3 71. Ke2 Qg2+ 72. Ke1 Qf1+ 73. Kd2 Qd1#) 58. Kg5 f2 (58... Nxb4 $2 59. Kg4 $19) 59. Bxf2 Nxf2 60. Kf4 Nd3+ 61. Ke4 Nxb4 62. Kd4 Kd6 63. Ke4 a5 64. Ke3 Ke5 65. Ke2 a4 66. Kd2 Kd4 67. Ke2 a3 68. Kf3 a2 69. Kg4 Nd3 (69... a1=B 70. Kh3 Nd3 71. Kg2 b4 72. Kh1 b3 73. Kh2 b2 74. Kg2 b1=Q 75. Kh2 Ke4 76. Kh3 Nf4+ 77. Kh2 Bf6 78. Kg3 Qg1#) (69... a1=Q 70. Kf5 Qf1+ 71. Kg6 Nc6 72. Kh5 Qf4 73. Kg6 Ne5+ 74. Kh7 Qf7+ 75. Kh8 Ng6#) 70. Kh4 a1=Q (70... a1=B 71. Kh5 b4 72. Kh4 b3 73. Kg5 b2 74. Kh4 b1=Q 75. Kh5 Qg1 76. Kh4 Ke5 77. Kh5 Kf5 78. Kh6 Qh2#) 71. Kg5 Qg1+ 72. Kf6 Ne5 73. Ke7 Qg7+ 74. Ke8 Qd7+ 75. Kf8 Qf7#) 54... Ke7 55. Bf2 (55. h8=R $2 Nxh8 56. Kxh8 Ke6 $19) 55... Ke6 56. Bc5 (56. h8=R $2 Nxh8 57. Kxh8 Kd5 $19) 56... a5 57. bxa5 (57. h8=R Nxh8 58. bxa5 Kd5 $17) 57... b4 58. a6 $1 (58. h8=R Nxh8 59. a6 (59. Kxh8 $2 Kd5 $19) 59... b3 $11) 58... b3 59. a7 (59. h8=R Nxh8 60. a7 b2 $16) 59... b2 60. a8=Q (60. a8=B b1=Q (60... b1=B 61. h8=Q $16) 61. Bd4 Qb4) 60... b1=Q 61. Qe8+ (61. h8=R Qb2+ 62. Kh7 Qh2+ (62... Qxh8+ 63. Qxh8 Nxh8 64. Kxh8 $11) 63. Kg7 Qe5+ (63... Nxh8 64. Qc6+ Kf5 65. Qf6+ Ke4 66. Qd4+ Kf5 67. Qd7+ Ke4 68. Qd4+ Kf5 69. Qd7+ Ke4 70. Qc6+ Kf5 71. Qc8+ Ke4 72. Qc6+ Kf5 $11) (63... Qxh8+ 64. Qxh8 Nxh8 65. Kxh8 $11) 64. Kh7 Qh5+ (64... Qxc5 65. Qe4+ Kd6 66. Qf4+ Ke7 67. Qh4+ Kd7 68. Qg4+ Ke7 69. Rc8 $11) (64... Qxh8+ 65. Qxh8 Nxh8 66. Kxh8 $11) (64... Nxh8 65. Qc6+ Kf5 66. Qxf3+ Qf4 67. Qh5+ Qg5 68. Qh3+ Qg4 69. Qxg4+ Kxg4 70. Kxh8 $11) 65. Kg7 Qe5+ (65... Qxc5 $2 66. Qa2+ Qd5 67. Re8+ Kd6 68. Qa3+ Kd7 69. Qe7+ Kc6 70. Rc8+ Kb5 71. Qxf7 $18) (65... Nxh8 66. Qc6+ Kf5 67. Qd5+ Kg4 68. Qxh5+ Kxh5 69. Kxh8 $11) (65... Qxh8+ 66. Qxh8 Nxh8 67. Kxh8 $11) 66. Kh7 Qh5+ (66... Qxc5 67. Re8+ Kf6 68. Qxf3+ Qf5+ 69. Qxf5+ Kxf5 70. Kg7 $11) (66... Qxh8+ 67. Qxh8 Nxh8 68. Kxh8 $11) (66... Nxh8 67. Qc6+ Kf5 68. Qxf3+ Ke6 69. Qc6+ Kf5 70. Qh6 $11) 67. Kg7 Qg5+ (67... Qxc5 68. Qa2+ Qd5 69. Re8+ Kd6 70. Qa6+ Kd7 71. Qa4+ Kd6 72. Qb4+ Kc6 73. Rc8+ Kd7 74. Rc5 $18) (67... Nxh8 68. Qe4+ Qe5+ 69. Qxe5+ Kxe5 70. Kxh8 $11) (67... Qxh8+ 68. Qxh8 Nxh8 69. Kxh8 $11) 68. Kf8 Qxc5+ (68... Nxh8 69. Qe4+ Qe5 70. Qc6+ Kf5 71. Qxf3+ Qf4 72. Qxf4+ Kxf4 73. Kg8 $11) 69. Kg8 Qg5+ 70. Kf8 Nxh8 $11) 61... Kd5 62. Qxf7+ Kxc5 63. h8=Q ({Nicht} 63. h8=R Qb2+ 64. Kh7 Qh2+ 65. Kg8 Qb8+ 66. Kg7 Qe5+ 67. Qf6 Qxf6+ 68. Kxf6 f2 $11) 63... Qb2+ 64. Kg8 {[%emt 0:00:00] Gewichteter Fehlerwert: Weiß=0.04 (makellos) /Schwarz=0.32.  Verlustzug:     	---       	Schwarz=1     Fehler:       	---       	Schwarz=3     Ungenau:       	Weiß=2     	Schwarz=3     OK:         	Weiß=18    	Schwarz=12    Bester:       	Weiß=3     	Schwarz=3     Stark:        	Weiß=1     	Schwarz=1     Brilliant:      	---       	Schwarz=1} 1-0

[Event "Reykjavik Open 2024"]
[Site "Reykjavik"]
[Date "2024.03.17"]
[Round "4.19"]
[White "Wadsworth, Matthew J"]
[Black "Soderstrom, Adrian"]
[Result "1-0"]
[ECO "D74"]
[WhiteElo "2450"]
[BlackElo "2288"]
[Annotator "TA"]
[PlyCount "115"]
[EventDate "2024.03.12"]
[EventCountry "ISL"]
[SourceTitle "playchess.com"]
[Source "ChessBase"]
[SourceQuality "1"]
[TimeControl "40/5400+30:1800+30"]

1. Nf3 d5 2. g3 g6 3. Bg2 Bg7 4. d4 Nf6 5. O-O O-O 6. c4 Nc6 7. cxd5 Nxd5 8. e4 Nb6 9. d5 Na5 10. Qe1 Nac4 11. Nc3 e6 12. Bg5 f6 13. Bc1 exd5 14. exd5 {[%emt 0:00:26] The position is equal.} Nxd5 15. Nd4 Nxc3 16. Qxc3 Ne5 17. Rd1 c5 18. Qb3+ ({Better is} 18. Qxc5 $14 Bg4 19. Rd2) 18... Kh8 {[%emt 0:09:12] [#]} 19. Nc6 Qc7 (19... Qb6 20. Nxe5) 20. Nxe5 fxe5 21. Be3 {[%emt 0:04:50] Black should prevent Rdc1.} Rb8 22. Qc4 $1 b6 23. b4 $1 {[%emt 0:01:07][%cal Rb4c5] White has more active pieces.} Bb7 24. Bxb7 Qxb7 25. bxc5 bxc5 26. Rd5 Rbc8 27. Rc1 ({But not} 27. Bxc5 $6 Rxf2 28. Rad1 Rf5 $14) 27... Rfd8 (27... a5 $142 28. Rxc5 (28. Bxc5 Rfe8 $16) 28... Rxc5 29. Qxc5 a4) 28. Rxd8+ Rxd8 29. Qxc5 ({Resist} 29. Bxc5 Rc8 $16) 29... Qf3 30. Qxa7 Rd1+ 31. Rxd1 Qxd1+ $14 {[%emt 0:00:07][%mdl 4096] Endgame. KQB-KQB} 32. Kg2 {[%emt 0:00:10] White wants to mate with Qa8+.} Qd5+ 33. f3 {[%emt 0:01:04] Qb8+ would now be deadly.} h5 34. Qb8+ Kh7 35. Qb3 {[%emt 0:00:10] Prevents e4.} Qc6 36. Qb1 Qc4 37. Bf2 Qa4 (37... e4 $16) 38. Qb3 Qc6 (38... Qa6 {might work better.} 39. Qc2 Qd6) 39. Qb4 $18 Qc2 40. a4 Qc6 $2 (40... Qa2 41. h4 Bh6 42. Qb7+ Kg8) 41. h4 Qa8 42. Bb6 Qc6 43. a5 Qd5 44. Bf2 Qa8 45. Be1 Qa6 46. Qb6 Qe2+ 47. Bf2 {[%emt 0:00:00] aiming for a6.} e4 {[%emt 0:00:00] [#]} 48. fxe4 $1 Qxe4+ 49. Kg1 {[%emt 0:00:00] Threatens to win with a6.} Qd5 50. a6 {[%emt 0:00:00] Threatening mate with a7.} Qd1+ 51. Kh2 {[%emt 0:00:00] White mates.} Qf3 52. Qe3 Qa8 53. a7 Qc6 54. Qf4 Qd5 55. Qb8 Qf3 56. a8=Q ({Weaker is} 56. a8=B Qxf2+ 57. Bg2 Kh6 $11) 56... Qxf2+ 57. Qg2 Qd4 58. Qa2 {[%emt 0:00:00] Weighted Error Value: White=0.16 (very precise) /Black=0.37.  Mistake:       	White=1     	Black=4      Inaccurate:     	White=1     	Black=5      OK:         	White=12    	Black=6      Best:        	White=3     	Black=3      Strong:       	White=2     	---} 1-0

[Event "Reykjavik Open 2024"]
[Site "Reykjavik"]
[Date "2024.03.17"]
[Round "4.20"]
[White "Galperin, Platon"]
[Black "Bisby, Daniel L"]
[Result "1/2-1/2"]
[ECO "E94"]
[WhiteElo "2555"]
[BlackElo "2273"]
[Annotator "TA"]
[PlyCount "158"]
[EventDate "2024.03.12"]
[EventCountry "ISL"]
[SourceTitle "playchess.com"]
[Source "ChessBase"]
[SourceQuality "1"]
[TimeControl "40/5400+30:1800+30"]

1. d4 Nf6 2. c4 g6 3. Nc3 Bg7 4. e4 d6 5. Be2 O-O 6. Nf3 Nbd7 7. O-O e5 8. Be3 Qe7 9. Qc2 c6 10. Rad1 h6 11. dxe5 dxe5 12. a3 Nh5 {[%emt 0:07:42] Weiß steht etwas besser.} 13. g3 {[%emt 0:01:49] Verhindert Nf4} Nc5 14. b4 Ne6 15. Rfe1 Qc7 16. c5 Nf6 17. Na4 Ng4 18. Bc1 (18. Bd2 $1 $16) 18... Nd4 ({Vorzuziehen ist} 18... b5 $14) 19. Nxd4 $16 exd4 20. Bf4 Be5 21. Bc1 Bg7 $1 22. Nb2 b5 23. Nd3 h5 24. Bf4 Qd8 (24... Qb7 $16 25. Bf1 Re8) 25. Bd6 Re8 26. Bf3 a5 27. Bg2 Be6 28. e5 Qd7 (28... Qc8 $16) 29. a4 $1 $18 Bc4 30. h3 Nh6 31. bxa5 Rxa5 32. Nb4 Rxa4 33. Bxc6 ({Der einzige Zug:} 33. Nxc6 $16 d3 34. Rxd3) 33... Qxh3 $1 $11 34. Bxe8 {[%emt 0:06:33][%cal Od1d4] Rxd4! ist eine echte Drohung.} Rxb4 $40 {[%emt 0:02:31][%mdl 128] Schwarz hat einigen Angriff.} 35. Qe4 {[%emt 0:00:53][%cal Oe8d7] Verhindert Bd5. Schach mit Chili.} Ng4 ({Günstiger ist} 35... Rb2 $1 $11 36. Rxd4 (36. Qxd4 $2 Ng4 $19) 36... Ng4) 36. Qg2 $1 $16 {[%emt 0:00:06] Aktives Gegenspiel!} (36. Rxd4 $2 Qh2#) 36... Qxg2+ 37. Kxg2 Rb2 38. Rxd4 Nxf2 $2 (38... Rxf2+ $16 39. Kg1 Rc2) 39. Kf3 $2 (39. Rxc4 $1 $18 Nd3+ (39... bxc4 $2 40. c6 $18) 40. Kf1 Nxe1 (40... bxc4 $2 41. c6 $18) 41. c6 (41. Rf4 Nd3 $18) 41... bxc4 42. c7 (42. Kxe1 $2 c3 $19)) 39... g5 $2 {[%emt 0:00:46][%mdl 8192] [#]} (39... Nd3 $14 40. Rxd3 Bxd3) 40. Rxc4 $1 $18 bxc4 41. Re2 $2 (41. c6 $18) 41... c3 $1 $11 42. Ba4 {[%emt 0:00:00] Verhindert Nd1.} (42. Rxf2 $2 Rxf2+ 43. Kxf2 c2 $19) (42. e6 $11 {hält das Gleichgewicht.} fxe6 (42... c2 $2 43. Bxf7+ Kh7 44. Rxc2 $18) 43. Bg6 (43. Rxf2 $2 Rxf2+ 44. Kxf2 c2 $19) (43. Kxf2 $2 Bd4+ 44. Kf1 c2 $19)) 42... Nd3 $1 $17 43. c6 (43. e6 $17 fxe6 44. c6 g4+ 45. Ke3) 43... g4+ $19 44. Ke3 Nxe5 45. Kf2 {[%emt 0:00:28] [#]} Nxc6 46. Bxc6 {[%emt 0:00:11] [#]} Bd4+ $1 (46... Rxe2+ 47. Kxe2 Bf6 48. Bd7 $14) (46... h4 47. gxh4 Bd4+ 48. Kf1 $15) 47. Kf1 c2 48. Bf4 Rb1+ 49. Kg2 (49. Re1 $142 Be5 50. Be3) 49... c1=Q ({Auf keinen Fall} 49... c1=R 50. Bxc1 Rxc1 51. Re4 $19) 50. Bxc1 Rxc1 {[%emt 0:00:09][%mdl 4096] Endspiel. KRB-KRB} 51. Bd5 Kg7 52. Re4 Rd1 {[%emt 0:01:36] Droht ...f5 und aus.} 53. Rf4 $2 (53. Re7 Rd2+ 54. Kh1) 53... Rd2+ 54. Kh1 $2 (54. Kf1 f6 55. Rf5) 54... f6 {[%emt 0:01:02] Und ...Be5 würde nun gewinnen.} 55. Rf5 Be5 56. Bc6 Kg6 57. Be4 Kh6 (57... Bxg3 58. Rf2+ f5 59. Bxf5+ Kg5 60. Rxd2 $11) 58. Bc6 Bxg3 {[%emt 0:01:35] Und jetzt ...Be5 wäre schön.} 59. Rxf6+ Kg5 60. Rf7 Be5 61. Kg1 h4 62. Bd7 Bf6 $2 (62... h3 $19 63. Kf1 h2) 63. Bxg4 $17 {[%emt 0:00:55] Schwarz steht besser.} Bd4+ 64. Kh1 Kxg4 {[%emt 0:00:26] KRB-KR} 65. Rf4+ Kg5 (65... Kg3 66. Rf3+ Kg4 67. Rf4+ Kg5 (67... Kg3 68. Rf3+ Kg4 69. Rf4+ $19) 68. Rg4+ Kf6 (68... Kh5 69. Rxh4+ Kg6 70. Rh2 $15) 69. Rxh4) 66. Rg4+ Kf5 67. Rf4+ Ke5 68. Re4+ Kd5 {[%emt 0:00:16] ( -> ...Rd1+)} 69. Rxh4 Be5 70. Kg1 Ke6 71. Rh5 Bf4 72. Kf1 Kf6 73. Ke1 Ra2 74. Rc5 Be5 75. Kd1 Kf5 76. Rc2 Ra4 77. Re2 Bf4 78. Kc2 Ra2+ 79. Kd3 Rxe2 {[%emt 0:00:09] Gewichteter Fehlerwert: Weiß=0.67/Schwarz=0.18 (sehr präzise) .  Verlustzug:     	---       	Schwarz=1     Gewinn verpasst:   	Weiß=1     	---        Fehler:       	Weiß=6     	Schwarz=6     Ungenau:       	Weiß=3     	Schwarz=4     OK:         	Weiß=21    	Schwarz=17    Bester:       	Weiß=7     	Schwarz=7     Stark:        	Weiß=1     	Schwarz=4     Brilliant:      	Weiß=1     	Schwarz=1} (79... Ra3+ 80. Kd4 Ra1 81. Kc3 Be5+ 82. Kd3 Ra3+ 83. Kc4 Ra4+ 84. Kb5) (79... Ra8 $17) 1/2-1/2

[Event "Reykjavik Open 2024"]
[Site "Reykjavik"]
[Date "2024.03.17"]
[Round "4.21"]
[White "Pourkashiyan, Atousa"]
[Black "Naudin, Yvan"]
[Result "1-0"]
[ECO "B32"]
[WhiteElo "2270"]
[BlackElo "1912"]
[Annotator "RC"]
[PlyCount "48"]
[EventDate "2024.03.12"]
[EventCountry "ISL"]
[SourceTitle "playchess.com"]
[Source "ChessBase"]
[SourceQuality "1"]
[TimeControl "40/5400+30:1800+30"]

1. e4 c5 2. Nf3 Nc6 3. d4 cxd4 4. Nxd4 e5 5. Nb5 d6 6. N1c3 a6 7. Na3 Be6 8. Nd5 Bxd5 9. exd5 Nce7 10. c4 f5 11. Be2 g6 12. O-O Nf6 13. f4 Qb6+ 14. Kh1 exf4 15. Bxf4 Bg7 16. Qa4+ Kf7 17. c5 Qxc5 18. Rac1 b5 19. Qa5 Qd4 20. Bxd6 Nfxd5 21. Bf3 Rad8 22. Qxa6 Qa4 23. Bxd5+ Nxd5 24. Qb7+ Ke6 1-0

[Event "Reykjavik Open 2024"]
[Site "Reykjavik"]
[Date "2024.03.17"]
[Round "4.22"]
[White "Thieu, Nguyen Gia Bao"]
[Black "Large, Peter G"]
[Result "0-1"]
[ECO "C45"]
[WhiteElo "1906"]
[BlackElo "2262"]
[Annotator "TA"]
[PlyCount "58"]
[EventDate "2024.03.12"]
[EventCountry "ISL"]
[SourceTitle "playchess.com"]
[Source "ChessBase"]
[SourceQuality "1"]
[TimeControl "40/5400+30:1800+30"]

1. e4 e5 2. Bc4 Nc6 3. Nf3 g6 4. d4 exd4 5. Nxd4 Bg7 6. Nxc6 bxc6 7. O-O Nh6 8. Nc3 {[%emt 0:00:44] White is better.} O-O 9. Bf4 d6 10. h3 {[%emt 0:00:09] Strongly threatening Qd2.} Be6 11. Bb3 {[%emt 0:00:57] Qd2 would now be deadly.} Kh8 12. Qd2 Ng8 13. Rfe1 Ne7 14. Bxe6 fxe6 15. e5 d5 16. Na4 Nf5 (16... Nc8 $142) 17. Bg5 $16 Qe8 {[%emt 0:00:36] Black is weak on the dark squares} 18. Nc5 Qf7 19. a4 h6 20. Bf4 (20. Bf6 $1 $16 {Hoping for g4.} g5 21. Ra3) 20... g5 $11 21. Bg3 Rg8 22. a5 (22. Nb3 $11) 22... Bf8 $15 23. Qc3 h5 $1 {[%emt 0:15:45] ...Bxc5 is the strong threat.} 24. Nb3 ({Better is} 24. Kh1 $1 $15) 24... h4 $36 {[%emt 0:01:31][%mdl 2048] Keeping White busy.} 25. Bh2 (25. Qxc6 $2 {is the wrong capture.} hxg3 26. fxg3 (26. Qxa8 $2 gxf2+ 27. Kxf2 Bc5+ 28. Nxc5 Rxa8 $19) 26... g4 $19) 25... g4 26. Bf4 {[%emt 0:02:53] [#] Now White is beyond hope.} (26. Qxc6 gxh3 27. Rec1 (27. Qxa8 {leads to mate.} Rxg2+ 28. Kh1 Rxf2) 27... Nd4 $19 (27... Rxg2+ 28. Kh1 Ng3+ 29. Bxg3 Qf3 30. Qxd5 exd5 31. Bxh4 Rxf2+ 32. Kg1 h2#)) (26. hxg4 $15 Rxg4 27. Qh3) 26... c5 $1 $19 27. Kh1 (27. Kh2 c4) 27... c4 28. Nd4 gxh3 29. gxh3 {[%emt 0:05:44] [#]} (29. g3 Bb4 30. Qxb4 Nxd4 31. Qd2) 29... Bb4 $1 {[%emt 0:01:45][%mdl 512] Weighted Error Value: White=0.60/Black=0.09 (flawless) .  Loses game:     	White=1     	---        Mistake:       	White=4     	Black=1      Inaccurate:     	White=2     	Black=4      OK:         	White=12    	Black=10     Best:        	---       	Black=1      Strong:       	---       	Black=1} 0-1

[Event "Reykjavik Open 2024"]
[Site "Reykjavik"]
[Date "2024.03.17"]
[Round "4.23"]
[White "Ferzli, Michael"]
[Black "Kunz, Andre"]
[Result "1/2-1/2"]
[ECO "D34"]
[WhiteElo "1879"]
[BlackElo "2197"]
[Annotator "RC"]
[PlyCount "78"]
[EventDate "2024.03.12"]
[EventCountry "ISL"]
[SourceTitle "playchess.com"]
[Source "ChessBase"]
[SourceQuality "1"]
[TimeControl "40/5400+30:1800+30"]

1. d4 d5 2. c4 e6 3. Nf3 c5 4. cxd5 exd5 5. g3 Nc6 6. Bg2 Nf6 7. O-O Be7 8. Nc3 O-O 9. dxc5 Bxc5 10. Na4 Be7 11. Be3 Ne4 12. Rc1 Qa5 13. a3 Be6 14. b4 Qa6 15. Nd2 Nxd2 16. Bxd2 Nd4 17. Re1 Rac8 18. e3 Nf5 19. Bf1 b5 20. Nc3 Nd6 21. a4 Qb7 22. axb5 Nc4 23. Ne2 Qxb5 24. Nd4 Qb6 25. Nxe6 fxe6 26. Bxc4 dxc4 27. Qg4 Bxb4 28. Bxb4 Qxb4 29. Qxe6+ Kh8 30. Re2 Qb6 31. Qd7 Rc7 32. Qa4 c3 33. Rec2 Qf6 34. Qd4 Qf3 35. Qd1 Qf6 36. Qd4 Qf5 37. Qf4 Qc8 38. Qb4 Qf5 39. Qf4 Qc8 1/2-1/2

[Event "Reykjavik Open 2024"]
[Site "Reykjavik"]
[Date "2024.03.17"]
[Round "4.24"]
[White "Fanos, Haralambos"]
[Black "Karamsetty, Jeevan"]
[Result "0-1"]
[ECO "A42"]
[WhiteElo "1872"]
[BlackElo "2187"]
[Annotator "RC"]
[PlyCount "60"]
[EventDate "2024.03.12"]
[EventCountry "ISL"]
[SourceTitle "playchess.com"]
[Source "ChessBase"]
[SourceQuality "1"]
[TimeControl "40/5400+30:1800+30"]

1. c4 g6 2. d4 Bg7 3. Nc3 d6 4. e4 e5 5. d5 a5 6. Be2 Na6 7. h4 f5 8. h5 f4 9. g3 g5 10. Bg4 h6 11. Qa4+ Kf8 12. Be2 Nf6 13. Nf3 Bg4 14. Qd1 Qd7 15. gxf4 Bxf3 16. Bxf3 exf4 17. Rg1 Re8 18. Bg4 Nxg4 19. Rxg4 Bxc3+ 20. bxc3 Rxe4+ 21. Kf1 Rxc4 22. Be3 Qb5 23. Kg1 fxe3 24. fxe3 Ke7 25. Rg3 Qa4 26. Qe2 Rf8 27. Rb1 Nc5 28. e4 Rxe4 29. Re3 Rxe3 30. Qxe3+ Qe4 0-1

[Event "Reykjavik Open 2024"]
[Site "Reykjavik"]
[Date "2024.03.17"]
[Round "4.25"]
[White "Hauksdottir, Hrund"]
[Black "Mardell, Jimmy"]
[Result "1/2-1/2"]
[ECO "B44"]
[WhiteElo "1859"]
[BlackElo "2172"]
[Annotator "RC"]
[PlyCount "90"]
[EventDate "2024.03.12"]
[EventCountry "ISL"]
[SourceTitle "playchess.com"]
[Source "ChessBase"]
[SourceQuality "1"]
[TimeControl "40/5400+30:1800+30"]

1. e4 c5 2. Nf3 e6 3. d4 cxd4 4. Nxd4 Nc6 5. c4 Nf6 6. Nc3 Bb4 7. Nxc6 bxc6 8. Bd3 e5 9. O-O O-O 10. Be3 Bxc3 11. bxc3 d6 12. Qa4 c5 13. f3 Qc7 14. Rab1 Nd7 15. Rfd1 Nb6 16. Qb5 Rb8 17. Qa5 Be6 18. Qa6 Rfd8 19. Rb3 Qb7 20. Qa5 Qd7 21. Qa6 Qa4 22. Qxa4 Nxa4 23. Rdb1 Nb6 24. Bf2 Kf8 25. a4 Nd7 26. Rb7 a6 27. g3 Rxb7 28. Rxb7 Nb8 29. f4 f6 30. Be2 Bd7 31. Bd1 Bc6 32. Rb6 Bxe4 33. a5 Bd3 34. Bb3 e4 35. f5 h5 36. Be3 Ke7 37. Bf4 e3 38. Bxe3 Bxf5 39. h4 Be4 40. Bf4 g6 41. Kf2 Nc6 42. Ke3 Bg2 43. Rxa6 Rb8 44. Bc2 f5 45. Ba4 Rc8 1/2-1/2

[Event "Reykjavik Open 2024"]
[Site "Reykjavik"]
[Date "2024.03.17"]
[Round "4.26"]
[White "Mannion, Stephen R"]
[Black "Omarsson, Josef"]
[Result "1-0"]
[ECO "B33"]
[WhiteElo "2166"]
[BlackElo "1803"]
[Annotator "RC"]
[PlyCount "79"]
[EventDate "2024.03.12"]
[EventCountry "ISL"]
[SourceTitle "playchess.com"]
[Source "ChessBase"]
[SourceQuality "1"]
[TimeControl "40/5400+30:1800+30"]

1. e4 c5 2. Nf3 Nc6 3. d4 cxd4 4. Nxd4 Nf6 5. Nc3 e5 6. Ndb5 d6 7. Nd5 Nxd5 8. exd5 Nb8 9. a4 Be7 10. Bd2 O-O 11. Be2 f5 12. a5 a6 13. Na3 f4 14. Nc4 Nd7 15. O-O Nf6 16. Nb6 Rb8 17. c4 Bf5 18. b4 Qe8 19. Rc1 Ne4 20. f3 Nxd2 21. Qxd2 Qh5 22. Bd3 Bd8 23. c5 Bxb6 24. axb6 Bxd3 25. Qxd3 Rfd8 26. Rfd1 Qf7 27. Qe4 Qe7 28. Rc2 Rdc8 29. Rdc1 Qd8 30. h3 Ra8 31. Kh2 a5 32. bxa5 Rxa5 33. cxd6 Rxc2 34. Qxc2 Qxd6 35. Qc8+ Kf7 36. Qf5+ Qf6 37. Rc7+ Kg8 38. Qc8+ Qf8 39. Qe6+ Kh8 40. Rc8 1-0